 Dungeon Crawl Stone Soup version 0.23-a0-607-g760965b753 (webtiles) character file.

175 Adamkad1 the Insei (level 5, 0/25 HPs)
             Began as a Vine Stalker Transmuter on Dec 20, 2018.
             Slain by a big kobold
             ... wielding a +0 club
              (1 damage)
             ... on level 3 of the Dungeon.
             The game lasted 00:03:38 (2601 turns).

Adamkad1 the Insei (Vine Stalker Transmuter)        Turns: 2601, Time: 00:03:39

Health: 0/25       AC:  2    Str: 12    XL:     5   Next: 55%
Magic:  0/10       EV: 13    Int: 14    God:
Gold:   111        SH:  0    Dex: 15    Spells: 9/10 levels left

rFire    . . .     SeeInvis .     - Unarmed
rCold    . . .     Gourm    .   (no shield)
rNeg     . . .     Faith    .   b - +0 robe
rPois    .         Spirit   +   (no helmet)
rElec    .         Reflect  .   (no cloak)
rCorr    .         Harm     .   (no gloves)
MR       .....                  (boots currently unavailable)
Stlth    ++........             (no amulet)
HPRegen  0.48/turn              (no ring)
MPRegen  0.12/turn              (no ring)

@: appendage (expiring)
A: fangs 2, talons 3, regeneration 1, magic shield, antimagic bite, no potion
heal 3, rot immunity
a: End Transformation


You were on level 3 of the Dungeon.
You were not hungry.
You had grown temporary talons.
You visited 1 branch of the dungeon, and saw 3 of its levels.

You collected 111 gold pieces.

Inventory:

Missiles
 a - 31 arrows
Armour
 b - a +0 robe (worn)
Jewellery
 e - a cursed ring of teleportation {unknown}
Scrolls
 c - 4 scrolls of teleportation {unknown}
 g - 2 scrolls of identify {unknown}
 i - 4 scrolls of remove curse {unknown}
 m - 2 scrolls of amnesia {unknown}
 n - 2 scrolls of enchant weapon {unknown}
 p - a scroll of magic mapping {unknown}
Potions
 f - a potion of flight {unknown}
 h - 2 potions of curing {unknown}
 j - a potion of mutation {unknown}
 k - a potion of brilliance {unknown}
 l - a potion of heal wounds {unknown}
Comestibles
 d - 4 rations
 o - 4 chunks of flesh


   Skills:
 + Level 1.5 Fighting
 + Level 2.1 Dodging
 + Level 1.1 Stealth
 + Level 4.3 Unarmed Combat
 + Level 3.2 Spellcasting
 + Level 2.8 Transmutations


You had 9 spell levels left.
You knew the following spells:

 Your Spells              Type           Power        Failure   Level  Hunger
a - Beastly Appendage     Tmut           ##....       7%          1    #......

Your spell library contained the following spells:

 Spells                   Type           Power        Failure   Level  Hunger
 Sticks to Snakes         Tmut           ##......     10%         2    ##.....
 Spider Form              Tmut/Pois      #.........   34%         3    ###....
 Ice Form                 Ice/Tmut       #.......     75%         4    #####..
 Blade Hands              Tmut           ##........   88%         5    ######.


Dungeon Overview and Level Annotations

Branches:
Dungeon (3/15)

Altars:

Annotations:
D:2 1 runed door


Innate Abilities, Weirdness & Mutations

You have extremely sharp teeth.
Your natural rate of healing is unusually fast.
When hurt, damage is shared between your health and your magic reserves.
Your bite disrupts and absorbs the magic of your enemies.
Potions cannot restore your health.
You are immune to rotting.
You have claws for feet.


Message History

The kobold closely misses you. The big kobold hits you with a +0 club.
You barely miss the big kobold.
The big kobold is severely wounded.
The kobold hits you but does no damage. The big kobold hits you with a +0 club!
* * * LOW HITPOINT WARNING * * *
You hit the big kobold. Your bite misses the big kobold.
The big kobold is almost dead.
Your transformation is almost over.
The kobold completely misses you.
You completely miss the big kobold.
You bite the big kobold, but do no damage.
The big kobold is almost dead.
The big kobold hits you with a +0 club!
* * * LOW HITPOINT WARNING * * *
The kobold barely misses you.
You barely miss the big kobold. You bite the big kobold. You drain its power.
You feel invigorated.
The big kobold is almost dead.
The big kobold hits you with a +0 club.
You die...

#####
#...###############
#...#..............
#)))#..............
##'##..............
#......########...
#......# #...
#@K.(..########...
#K##.....).(.(....
.KK#.......(......
#...#......((......
#...###############
#####


You could see a big kobold and 3 kobolds.

Vanquished Creatures
  An orc priest (D:3)
  A gnoll (D:1)
  6 adders
  A worm (D:2)
  A dart slug (D:1)
  2 leopard geckos
  4 orcs (D:3)
  7 goblins
  9 hobgoblins
  6 jackals
  21 kobolds
  A quokka (D:2)
  4 bats
  4 frilled lizards
  4 rats
72 creatures vanquished.

Notes
Turn   | Place    | Note
-------+----------+-------------------------------------------
     0 | D:1      | Adamkad1 the Vine Stalker Transmuter began the quest for
                  | the Orb.
     0 | D:1      | Reached XP level 1. HP: 9/9 MP: 4/4
   204 | D:1      | Reached XP level 2. HP: 14/14 MP: 3/6
   386 | D:1      | Reached XP level 3. HP: 12/17 MP: 5/8
   669 | D:1      | Reached skill level 1 in Fighting
  1427 | D:2      | Gained mutation: Your natural rate of healing is unusually
                  | fast. [Vine Stalker growth]
  1427 | D:2      | Reached XP level 4. HP: 21/22 MP: 7/9
  1630 | D:2      | Found a runed door.
  2217 | D:3      | Reached skill level 4 in Unarmed Combat
  2226 | D:3      | HP: 1/22 [jackal (1)]
  2372 | D:3      | Reached skill level 1 in Stealth
  2372 | D:3      | Reached XP level 5. HP: 20/25 MP: 6/10
  2580 | D:3      | Noticed a big kobold
  2600 | D:3      | HP: 1/25 [big kobold/+0 club (5)]
  2601 | D:3      | Slain by a big kobold

Vault maps used:
D:1:      dpeg_arrival_triangle_fractal, minmay_curled_crystal
D:2:      uniq_crazy_yiuf_cottage
D:3:      minmay_goblin_kobold_castle, first_ration,
          chequers_hall_statues_corner_a

Skill      XL: |  1  2  3  4  5 |
---------------+----------------+-----
Fighting       | 1 |  1.5
Spellcasting   | 3 |  3.2
Unarmed Combat | 4 |  4.3
Stealth        | 1 |  1.1
Dodging        | 2 |  2.1
Transmutations | |  2.8

Action                   |  1- 3 |  4- 6 || total
-------------------------+-------+-------++-------
Melee: Unarmed           |    71 |   161 ||   232
       Bite              |    13 |    46 ||    59
       Headbutt          |     6 |    11 ||    17
       Kick              |    12 |    15 ||    27
       Punch             |       |     4 ||     4
 Cast: Beastly Appendage |    16 |    17 ||    33
 Stab: Sleeping          |     1 |       ||     1
  Eat: Chunk             |     2 |     4 ||     6
Armor: Robe              |     9 |    23 ||    32
Dodge: Dodged            |    44 |   152 ||   196

Table legend:
 A = Non-vault XP
 B = Vault XP
 C = Vault XP percentage of total XP
 D = Non-vault monster count
 E = Vault monster count
 F = Vault count percentage of total count
                 A         B        C        D         E       F
            +---------+---------+-------+---------+---------+-------
      Total |     226 |      25 |  10.0 |      56 |      16 |  22.2
            +---------+---------+-------+---------+---------+-------
        D:1 |      48 |       0 |   0.0 |      20 |       0 |   0.0
        D:2 |      53 |       0 |   0.0 |      16 |       0 |   0.0
        D:3 |     125 |      25 |  16.7 |      20 |      16 |  44.4
            +---------+---------+-------+---------+---------+-------
